 Dungeon Crawl Stone Soup version 0.28-a0-793-g31680bbd8b (webtiles) character file.

Game seed: 17864649568117833291

3419 kae the Summoner (level 10, -4/79 HPs)
             Began as a Vine Stalker Summoner on Nov 4, 2021.
             Was an Initiate of Ashenzari.
             Slain by a vampire (7 damage)
             ... on level 8 of the Dungeon.
             The game lasted 00:12:45 (12835 turns).

kae the Summoner (Vine Stalker Summoner)           Turns: 12835, Time: 00:12:46

Health: -4/79      AC: -2    Str:  9 (10) XL:     10   Next: 5%
Magic:  0/21       EV: 12    Int: 18      God:    Ashenzari [......]
Gold:   1202       SH:  0    Dex: 15 (16) Spells: 14/23 levels left

rFire   . . .      SeeInvis .   g - +0 whip
rCold   . . .      Faith    .   (no shield)
rNeg    + . .      Spirit   +   a - +0 robe
rPois   +          Reflect  .   i - +0 helmet
rElec   .          Harm     .   (no cloak)
rCorr   .          Rampage  .   h - +1 pair of gloves
Will    +....                   u - +0 pair of boots "Yqokk" {*Corrode +Inv rPois Stlth+}
Stlth   ..........              (no amulet)
HPRegen 1.23/turn               d - ring of wizardry
MPRegen 0.17/turn               f - ring of positive energy

@: berserking, corroded, very slightly contaminated, invisible, very quick
A: fangs 3, regeneration 1, magic shield, antimagic bite, no potion heal 2,
deterioration 1, subdued magic 1
a: Renounce Religion, Evoke Invisibility, Curse Item


You were on level 8 of the Dungeon.
You worshipped Ashenzari.
Ashenzari was noncommittal.
You visited 2 branches of the dungeon, and saw 9 of its levels.
You also visited: Sewer.

You collected 1202 gold pieces.

Inventory:

Hand Weapons
 g - a +0 whip (weapon)
Missiles
 m - 2 throwing nets
Armour
 a - a +0 robe (worn)
 h - a +1 pair of gloves (worn)
 i - a +0 helmet (worn)
 u - the +0 pair of boots "Yqokk" (worn) {*Corrode +Inv rPois Stlth+}
   (You found it in a sewer)

   rPois:     It protects you from poison.
   +Inv:      It lets you turn invisible.
   *Corrode:  It may corrode you when you take damage.
   Stlth:     It makes you more stealthy.
Jewellery
 c - a +6 ring of strength
 d - a ring of wizardry (left hand)
 f - a ring of positive energy (right hand)
 x - a +6 ring of dexterity
 y - an amulet of the acrobat
Wands
 e - a wand of flame (7)
 j - a wand of polymorph (14)
 l - a wand of iceblast (34)
Scrolls
 A - a scroll of identify
Potions
 b - 2 potions of attraction
 k - 4 potions of curing
 n - 3 potions of magic
 p - 3 potions of invisibility
 q - 3 potions of heal wounds
 r - a potion of degeneration
 s - a potion of haste
 t - a potion of brilliance {unknown}
 v - a potion of berserk rage
 w - a potion of lignification {unknown}
 z - a potion of might


   Skills:
 + Level 6.2 Fighting
 - Level 1.5 Dodging
 - Level 2.4 Stealth
 + Level 7.3 Spellcasting
 * Level 10.7 Summonings


You had 14 spell levels left.
You knew the following spells:

 Your Spells              Type           Power      Damage    Failure   Level
a - Summon Small Mammal   Summ           100%       N/A       1%          1
b - Call Imp              Summ           34%        N/A       1%          2
c - Call Canine Familiar  Summ           34%        N/A       1%          3
d - Summon Guardian Gole  Hex/Summ       19%        N/A       1%          3

Your spell library contained the following spells:

 Spells                   Type           Power      Damage    Failure   Level
 Beastly Appendage        Tmut           10%        N/A       3%          1
 Slow                     Hex            20%        N/A       3%          1
 Summon Lightning Spire   Summ/Air       19%        N/A       4%          4
 Wereblood                Tmut           5%         N/A       5%          2
 Confusing Touch          Hex            5%         N/A       12%         3
 Gell's Gravitas          Tloc           5%         N/A       12%         3
 Lesser Beckoning         Tloc           5%         N/A       12%         3
 Spider Form              Tmut/Pois      5%         N/A       12%         3
 Teleport Other           Tloc           5%         N/A       12%         3
 Vampiric Draining        Necr           5%         2d6       12%         3


Dungeon Overview and Level Annotations

Branches:
Dungeon (8/15)             Temple (1/1) D:6           Sewer (visited)
   Lair: D:8-11

Altars:
Ashenzari
Cheibriados
Dithmenos
Elyvilon
Fedhas
Gozag
Hepliaklqana
Nemelex Xobeh
Okawaru
Qazlal
Ru
Sif Muna
Trog
Uskayaw
Vehumet
Wu Jian
Xom
Yredelemnul
Zin
The Shining One

Annotations:
D:2 Terence
D:4 Pikel


Innate Abilities, Weirdness & Mutations

You have razor-sharp teeth.
Your natural rate of healing is unusually fast.
When hurt, damage is shared between your health and your magic reserves.
Your bite disrupts and absorbs the magic of your enemies.
Potions cannot restore your health.
Your body sometimes deteriorates upon taking damage.
Your spells are a little easier to cast, but a little less powerful.


Message History

Your wolf's corpse disappears in a puff of smoke!
Something hits your guardian golem. Something bites your guardian golem.
Something hits your guardian golem but does no damage.
Something bites your guardian golem.
Your guardian golem disappears in a puff of smoke!
You hit something but do no damage. Something hits you. Something bites you!
Something draws strength from your injuries!
Something hits you. Something bites you!
You miss something. Something draws life force from you.
Okay, then.
You fade into invisibility!
Something hits you. Something bites you but does no damage.
You are very lightly contaminated with residual magic.
It was a potion of mutation.
You feel extremely strange.
You feel yourself wasting away.
Your connection to magic feels subdued.
Something hits you!
* * * LOW HITPOINT WARNING * * *
Your body deteriorates!
You feel clumsy.
Your corrosive artefact corrodes you!
Something bites you but does no damage.
It was a potion of berserk rage.
A red film seems to cover your vision as you go berserk!
You feel yourself moving faster!
You feel mighty! Something hits you.
* * * LOW HITPOINT WARNING * * *
Something bites you.
* * * LOW HITPOINT WARNING * * *
You hit something. Your bite misses something.
You hit something but do no damage. Something hits you.
* * * LOW HITPOINT WARNING * * *
Something bites you!
* * * LOW HITPOINT WARNING * * *
Something draws strength from your injuries!
You closely miss something. Your bite misses something. Something hits you.
* * * LOW HITPOINT WARNING * * *
Your corrosive artefact corrodes you!
Something bites you!
* * * LOW HITPOINT WARNING * * *
Your body deteriorates!
You feel weakened.
Something draws strength from your injuries!
You barely miss something. You hit something but do no damage.
Something hits you!
You die...

#....h.......#....####
#..........#'#....#
###########.........##.##...#
#..............{...##...##..#
#..........##'##.###.....####
#..........##.##.# .......
#......)...##.####....#....
#..........##.###⌠...# #...⌠
#..........##.{@##... ...##
##..........######## #.
...................## #...
..................#y## #....
..................##.##.##.....
......###......[..##..#'#......
..................###.#........
...................##..........
####...............###.........


There were no monsters in sight!

Vanquished Creatures
  An orc warrior (D:6)
  A sky beast (D:5)
  2 ice beasts
  A centaur (D:5)
  2 lemures (D:5)
  2 water moccasin skeletons
  A killer bee (D:8)
  2 wights (D:7)
  A centaur zombie (D:6)
  2 hounds
  A centaur skeleton (D:7)
  A gnoll shaman (D:5)
  Ijyb (D:5)
  Natasha (thrice) (D:4)
  An orc wizard (D:6)
  A killer bee zombie (D:5)
  2 gnolls (D:5)
  4 river rats
  6 adders
  A white imp (D:6)
  An adder skeleton (D:4)
  3 dart slugs
  3 orcs
  3 endoplasms
  4 hobgoblins
  16 kobolds
  A quokka (D:2)
  5 ball pythons
  4 bats
  A goblin (D:3)
  16 rats
93 creatures vanquished.

Vanquished Creatures (collateral kills)
  2 yaks (D:6)
  A steam dragon (D:7)
  A water moccasin (D:6)
  A hornet zombie (D:5)
  A phantom (D:7)
  2 lemures (D:5)
  A kobold brigand (D:7)
  A bullfrog (D:8)
  2 scorpions
  A wight (D:7)
  3 centaur zombies
  A hound (D:6)
  3 jellies
  2 orc priests
  A centaur skeleton (D:5)
  An orc wizard (D:7)
  A howler monkey skeleton (D:7)
  6 gnolls
  2 adders
  4 river rats
  A shadow imp (D:8)
  A white imp (D:5)
  A worm (D:6)
  A dart slug (D:3)
  8 orcs
  2 bats
  2 endoplasms (D:2)
  3 goblins
  A hobgoblin (D:1)
  7 kobolds
  A quokka (D:5)
  5 ball pythons
  2 frilled lizards (Sewer)
  18 rats
90 creatures vanquished.

Vanquished Creatures (others)
  2 yaks (D:6)
  A centaur (D:8)
  5 killer bees (D:8)
  5 wights (D:8)
13 creatures vanquished.

Grand Total: 196 creatures vanquished

Notes
Turn   | Place    | Note
-------+----------+-------------------------------------------
     0 | D:1      | kae the Vine Stalker Summoner began the quest for the Orb.
     0 | D:1      | Reached XP level 1. HP: 9/9 MP: 4/4
   630 | D:1      | Reached XP level 2. HP: 14/14 MP: 4/6
  1740 | D:2      | Reached XP level 3. HP: 17/17 MP: 5/7
  1757 | D:2      | Learned a level 2 spell: Call Imp
  1761 | D:2      | Learned a level 3 spell: Call Canine Familiar
  1782 | D:2      | Reached skill level 1 in Fighting
  1818 | D:2      | Noticed Terence
  3824 | D:4      | Gained mutation: Your natural rate of healing is unusually
                  | fast. [Vine Stalker growth]
  3824 | D:4      | Reached XP level 4. HP: 20/22 MP: 7/9
  4025 | D:4      | Identified the +1 leather armour "Qiosiny" {rF++ Will-}
  4050 | D:4      | Found an iron altar of Okawaru.
  4051 | D:4      | Found a sparkling altar of Nemelex Xobeh.
  4171 | D:4      | Reached skill level 5 in Summonings
  4171 | D:4      | Reached XP level 5. HP: 22/26 MP: 8/10
  4208 | D:4      | Noticed Natasha
  4225 | D:4      | Killed Natasha
  4540 | D:4      | Noticed Natasha
  4549 | D:4      | Killed Natasha
  4609 | D:4      | Noticed Natasha
  4624 | D:4      | Killed Natasha
  4625 | D:4      | Reached XP level 6. HP: 22/30 MP: 5/12
  5433 | D:4      | Learned a level 3 spell: Summon Guardian Golem
  5443 | D:4      | Found an iron altar of Okawaru.
  5499 | D:5      | Entered Level 5 of the Dungeon
  5696 | D:5      | Noticed Pikel
  5972 | D:5      | Reached skill level 6 in Summonings
  5985 | D:5      | Noticed Ijyb
  5991 | D:5      | Killed Ijyb
  6170 | D:5      | Noticed a sky beast
  6181 | D:5      | Killed a sky beast
  6182 | D:5      | Reached XP level 7. HP: 27/36 MP: 6/14
  6452 | D:5      | Found an ornate altar of the Wu Jian Council.
  6452 | D:5      | Found a shimmering altar of Xom.
  6616 | D:5      | Reached skill level 7 in Summonings
  7155 | D:4      | Found a sparkling altar of Nemelex Xobeh.
  7183 | D:6      | Noticed a yak
  7183 | D:6      | Noticed a yak
  7183 | D:6      | Noticed a yak
  7275 | D:6      | Found an opulent altar of Gozag.
  7496 | D:6      | Found a glowing drain.
  7504 | Sewer    | Entered a sewer
  7752 | Sewer    | Gained mutation: You have razor-sharp teeth. [Vine Stalker
                  | growth]
  7752 | Sewer    | Reached XP level 8. HP: 42/42 MP: 10/16
  8466 | Sewer    | Identified the +0 pair of boots "Yqokk" {*Corrode +Inv
                  | rPois Stlth+}
  8650 | D:6      | Reached skill level 5 in Spellcasting
  8835 | D:6      | Identified a scroll of acquirement
  8953 | D:6      | Found a staircase to the Ecumenical Temple.
  8970 | Temple   | Entered the Ecumenical Temple
  8995 | Temple   | Became a worshipper of Ashenzari the Shackled
  9228 | D:6      | Reached skill level 8 in Summonings
  9926 | D:6      | Killed a yak
 10137 | D:6      | Killed a yak
 10181 | D:6      | Noticed a yak
 10226 | D:6      | Killed a yak
 10226 | D:6      | Killed a yak
 10227 | D:6      | Reached skill level 5 in Fighting
 10227 | D:6      | Reached skill level 9 in Summonings
 10227 | D:6      | Reached XP level 9. HP: 42/47 MP: 17/19
 10334 | D:6      | Acquired 835 gold pieces
 11478 | D:7      | Reached skill level 10 in Summonings
 12197 | D:8      | Reached XP level 10. HP: 39/53 MP: 17/21
 12829 | D:8      | Gained mutation: Your body sometimes deteriorates upon
                  | taking damage. [potion of mutation]
 12829 | D:8      | Gained mutation: Your spells are a little easier to cast,
                  | but a little less powerful. [potion of mutation]
 12833 | D:8      | HP: 2/79 [something (11)]
 12835 | D:8      | Slain by a vampire

Illustrated notes

Levels and vault maps discovered:
D:1:      dpeg_arrival_arbitrary_b, layout_basic, kennysheep_small_spiral,
          minmay_pentomino_q4
D:2:      layout_basic, uniq_terence
D:3:      layout_basic
D:4:      layout_loops_corners, nicolae_overflow_hidden_temple, uniq_natasha
D:5:      layout_loops_ring, mainiacjoe_overflow_large_starburst, uniq_ijyb,
          uniq_pikel
D:6:      layout_basic, nicolae_gozag_seed_capital, temple_doors_e,
          lightli_sewer_entry_pipes, chequers_serial_rivers_large_b
D:7:      layout_gridville, minmay_misc_feat_encased, grunt_ministairs_6
D:8:      layout_basic, nzn_life_drinkers
Temple:   minmay_freezing_vapour_temple

Skill      XL: |  1  2  3  4  5  6  7  8  9 |
---------------+----------------------------+-----
Fighting       | 1 2 3 5 6 |  6.2
Spellcasting   | 3 4 6 7 |  7.3
Summonings     | 5 6 7 9 10 | 10.7
Dodging        | |  1.5
Stealth        | |  2.4

Action                   |  1- 3 |  4- 6 |  7- 9 | 10-12 || total
-------------------------+-------+-------+-------+-------++-------
Melee: Unarmed           |    34 |       |       |       ||    34
       Bite              |    25 |    22 |   102 |    13 ||   162
       Whip              |    78 |    94 |   394 |    64 ||   630
 Cast: Summon Small Mamm |    39 |    10 |    11 |       ||    60
       Call Imp          |     8 |    16 |    26 |       ||    50
       Call Canine Famil |       |    13 |    52 |     4 ||    69
       Summon Guardian G |       |       |    22 |     4 ||    26
Evoke: Wand              |       |     2 |     2 |       ||     4
  Use: Scroll            |     1 |     3 |    10 |       ||    14
       Potion            |       |     1 |     2 |     3 ||     6
 Stab: Sleeping          |     6 |       |     2 |     1 ||     9
       Distracted        |     1 |     1 |     1 |       ||     3
Armor: Robe              |    35 |    35 |   217 |    21 ||   308
Dodge: Dodged            |    86 |    73 |   394 |    62 ||   615

Table legend: (Time is in decaauts)
 A = Elapsed time spent in this place.
 B = Non-inter-level travel time spent in this place.
 C = Inter-level travel time spent in this place.
 D = Time resting spent in this place.
 E = Time spent auto-exploring this place.
 F = Levels seen in this place.
 G = Mean time per level.
                   A        B        C        D        E       F      G
               +--------+--------+--------+--------+--------+-----+--------+
         Total |  13021 |  12586 |    435 |   1129 |   8911 |  10 | 1302.1 |
       Dungeon |  11957 |  11531 |    426 |   1029 |   8245 |   8 | 1494.6 |
        Temple |     30 |     21 |      9 |      0 |     17 |   1 |   30.0 |
         Sewer |   1033 |   1033 |      0 |    100 |    648 |   1 | 1033.0 |
               +--------+--------+--------+--------+--------+-----+--------+

Top non-repeatable levels by time:
     D:6: 2452 daAuts
     D:4: 2110 daAuts
     D:5: 1626 daAuts
     D:1: 1504 daAuts
     D:2: 1296 daAuts
     D:7: 1221 daAuts
   Sewer: 1033 daAuts
     D:8: 964 daAuts
     D:3: 782 daAuts
  Temple: 30 daAuts
